 Dungeon Crawl Stone Soup version 0.28-a0-704-g4d584c6bc1 (webtiles) character file.

Game seed: 16566435765062846444

2 Conn the Firebug (level 1, 0/11 HPs)
             Began as an Octopode Fire Elementalist on Oct 24, 2021.
             Slain by a jackal (3 damage)
             ... on level 1 of the Dungeon.
             The game lasted 00:00:16 (62 turns).

Conn the Firebug (Octopode Fire Elementalist)         Turns: 62, Time: 00:00:17

Health: 0/11       AC:  1    Str:  7    XL:     1   Next: 30%
Magic:  1/3        EV: 13    Int: 17    God:
Gold:   13         SH:  0    Dex: 12    Spells: 3/4 levels left

rFire   . . .      SeeInvis .   (no weapon)
rCold   . . .      Faith    .   (no shield)
rNeg    . . .      Spirit   .   (helmet restricted)
rPois   .          Reflect  .   (no amulet)
rElec   .          Harm     .   (no ring)
rCorr   .          Rampage  .   (no ring)
Will    .....                   (no ring)
Stlth   +++.......              (no ring)
HPRegen 0.03/turn               (no ring)
MPRegen 0.08/turn               (no ring)
                                (no ring)
                                (no ring)

@: no status effects
A: almost no armour, amphibious, 8 rings, camouflage 1, gelatinous body 1,
(nimble swimmer 1), tentacles
a: no special abilities


You were on level 1 of the Dungeon.
You visited 1 branch of the dungeon, and saw 1 of its levels.

You collected 13 gold pieces.

Inventory:

Scrolls
 a - a scroll of blinking {unknown}


   Skills:
 + Level 2.0 Dodging
 + Level 2.6 Stealth
 + Level 2.0 Spellcasting
 + Level 1.0 Conjurations
 + Level 3.1 Fire Magic


You had 3 spell levels left.
You knew the following spells:

 Your Spells              Type           Power      Damage    Failure   Level
a - Foxfire               Conj/Fire      32%        2x1d5     9%          1

Your spell library contained the following spells:

 Spells                   Type           Power      Damage    Failure   Level
 Scorch                   Fire           24%        2d6       9%          2
 Conjure Flame            Conj/Fire      8%         6-21      26%         3
 Inner Flame              Hex/Fire       6%         N/A       30%         3
 Flame Wave               Conj/Fire      8%         3d4       63%         4


Dungeon Overview and Level Annotations

Branches:
Dungeon (1/15)

Altars:


Innate Abilities, Weirdness & Mutations

You cannot wear most types of armour.
You are amphibious.
You can wear up to eight rings at the same time.
Your skin changes colour to match your surroundings (Stealth+).
Your rubbery body absorbs attacks. (AC +1, EV +1)
((You are camouflaged near water. (Stealth+)))
You have tentacles for arms and can constrict up to eight enemies at once.


Message History

You don't have enough magic to cast this spell.
Unknown command.
Things that are here:
a +0 club; a goblin corpse A jackal is nearby!
A jackal comes into view.
Found a ring mail.
Casting: Foxfire (safe; 9% risk of failure)
Confirm with . or Enter, or press ? or * to list all spells.
You conjure some foxfire!
Unknown command.
Your foxfire dissipates!
A jackal is nearby!
The jackal bites you.
You closely miss the jackal. Your grab misses the jackal.
The jackal closely misses you. The jackal completely misses you.
You tentacle-slap the jackal but do no damage.
Your grab misses the jackal. The jackal closely misses you.
The jackal bites you.
You tentacle-slap the jackal but do no damage.
Your grab misses the jackal.
The jackal bites you but does no damage.
The jackal closely misses you. The jackal barely misses you.
You tentacle-slap the jackal but do no damage.
Your grab misses the jackal. The jackal barely misses you.
The jackal closely misses you.
You tentacle-slap the jackal but do no damage.
You grab the jackal.
You constrict the jackal, but do no damage.
The jackal misses you. The jackal barely misses you. x2
You barely miss the jackal.
You constrict the jackal, but do no damage.
The jackal closely misses you. The jackal barely misses you. x2
You tentacle-slap the jackal but do no damage.
You constrict the jackal, but do no damage.
The jackal bites you.
* * * LOW HITPOINT WARNING * * *
The jackal bites you but does no damage.
The jackal bites you.
You die...

#.#..# #......#.###.
#.#..# #..###.#.#...
####.#..####..# #.....#.
.............)###.......
#####...................
#..######.#...##### #..
#.#.......# #..
#.#..####.# #.. #.#[@#
#>. #.#hh# #.. .....#
#..#.#. #..#. . #. ## ..
.. #. .. ..


You could see 2 jackals.

Vanquished Creatures
  A goblin (D:1)
  A bat (D:1)
2 creatures vanquished.

Vanquished Creatures (others)
  5 foxfires (D:1)
5 creatures vanquished.

Grand Total: 7 creatures vanquished

Notes
Turn   | Place    | Note
-------+----------+-------------------------------------------
     0 | D:1      | Conn the Octopode Fire Elementalist began the quest for the
                  | Orb.
     0 | D:1      | Reached XP level 1. HP: 11/11 MP: 3/3
    62 | D:1      | Slain by a jackal

Illustrated notes

Levels and vault maps discovered:
D:1:      co_arrival_square_in_a_square_in_a_square, layout_loops_ring,
          dreamdust_ecumenical_altar_drowned_temple, dk_noncrumbling_4

Action                   || total
-------------------------++-------
Melee: Unarmed           ||     7
       Constrict         ||     1
 Cast: Foxfire           ||     4
Armor: Skin              ||     2
Dodge: Dodged            ||    13

Table legend: (Time is in decaauts)
 A = Elapsed time spent in this place.
 B = Non-inter-level travel time spent in this place.
 C = Inter-level travel time spent in this place.
 D = Time resting spent in this place.
 E = Time spent auto-exploring this place.
 F = Levels seen in this place.
 G = Mean time per level.
                   A        B        C        D        E       F      G
               +--------+--------+--------+--------+--------+-----+--------+
         Total |     62 |     62 |      0 |      0 |     33 |   1 |   62.0 |
       Dungeon |     62 |     62 |      0 |      0 |     33 |   1 |   62.0 |
               +--------+--------+--------+--------+--------+-----+--------+

Top non-repeatable levels by time:
     D:1: 62 daAuts
